 Dungeon Crawl Stone Soup version 0.32-a0-913-g739538afd8 (webtiles) character file.

Game seed: 15918539221089729685

4 ytrimaz the Caller (level 1, -1/13 HPs)
             Began as a Demonspawn Summoner on Apr 8, 2024.
             Slain by a quokka (3 damage)
             ... on level 1 of the Dungeon.
             The game lasted 00:00:24 (98 turns).

ytrimaz the Caller (Demonspawn Summoner)              Turns: 98, Time: 00:00:25

Health: -1/13      AC:  2    Str:  8    XL:     1   Next: 50%
Magic:  2/3        EV: 11    Int: 15    God:
Gold:   16         SH:  0    Dex: 13    Spells: 3/4 levels left

rFire   . . .        (no weapon)
rCold   . . .        (no shield)
rNeg    . . .        a - +0 robe
rPois   .            (no helmet)
rElec   .            (no cloak)
rCorr   .            (no gloves)
SInv    .            (no boots)
Will    .....        (no amulet)
Stlth   ++           (no ring)
HPRegen 0.22/turn    (no ring)
MPRegen 0.08/turn

%: no passive effects
@: no status effects
A: no striking features
a: no special abilities


You were on level 1 of the Dungeon.
You visited 1 branch of the dungeon, and saw 1 of its levels.

You collected 16 gold pieces.


   Skills:
 - Level 1.7 Dodging
 - Level 1.7 Stealth
 + Level 2.1 Spellcasting
 + Level 4.1 Summonings


You had 3 spell levels left.
You knew the following spells:

 Your Spells              Type           Power      Damage    Failure   Level
a - Summon Small Mammal   Summ           52%        N/A       4%          1

Your spell library contained the following spells:

 Spells                   Type           Power      Damage    Failure   Level
 Call Imp                 Summ           26%        N/A       6%          2
 Call Canine Familiar     Summ           13%        N/A       12%         3
 Summon Blazeheart Golem  Fire/Summ      7%         N/A       67%         4
 Summon Lightning Spire   Summ/Air       7%         N/A       67%         4

Inventory:

Armour
 a - a +0 robe (worn)
Scrolls
 c - 2 scrolls of vulnerability {unknown}

Dungeon Overview and Level Annotations

Branches:
Dungeon (1/15) Zot: 5901

Altars:

#.# #.# #.# ####
#####ß#####.######
...##....>..........<#
#.#..###ß#####.######
#####......###...#.#
..............r..#.#
###########....r@#.#
#...r..#.# #..†...#.#
#......#.# ######...#
#####


You could see a quokka (ally target), a friendly quokka (summoned) and a
friendly rat (summoned).


Message History

Casting: Summon Small Mammal (safe; 4% risk of failure)
Press: ? - help, Q - select action Dir - look around, f - activate Your quokka bites the dart slug.
The dart slug dies! 😮 MP[-1]
You lost 1 mp, and now have 1/3 mp. 😮 HP[+1]
Your quokka disappears in a puff of smoke!
You see here a hobgoblin corpse.
You now have 16 gold pieces.
Your quokka disappears in a puff of smoke!
c - 2 scrolls labelled KAOMEBBU FUIMM 😎 HP[+4] MP[+2]
Your hp is fully restored (13).
Your mp is fully restored (3).
A quokka comes into view.
A quokka is nearby!
A quokka is nearby!
Casting: Summon Small Mammal (safe; 4% risk of failure)
Press: ? - help, Q - select action Dir - look around, f - activate 😎 MP[-1]
You lost 1 mp, and now have 2/3 mp.
Casting: Summon Small Mammal (safe; 4% risk of failure)
Press: ? - help, Q - select action Dir - look around, f - activate 😎 MP[-1]
You lost 1 mp, and now have 1/3 mp.
Your bat misses the quokka. The quokka bites your bat.
Your bat dies!
Your bat's corpse disappears in a puff of smoke!
Your quokka bites the quokka.
Your quokka completely misses the quokka.
The quokka bites your quokka.
Casting: Summon Small Mammal (safe; 4% risk of failure)
Press: ? - help, Q - select action Dir - look around, f - activate Your quokka misses the quokka.
The quokka bites your quokka.
Your quokka dies!
Your quokka's corpse disappears in a puff of smoke! 😎 MP[-1]
You lost 1 mp, and now have 0/3 mp.
Your rat misses the quokka. The quokka bites your rat.
Your rat dies!
Your rat's corpse disappears in a puff of smoke! 😎 MP[+1]
Casting: Summon Small Mammal (safe; 4% risk of failure)
Press: ? - help, Q - select action Dir - look around, f - activate The quokka bites your rat.
Your rat dies!
Your rat's corpse disappears in a puff of smoke! 😎 MP[-1]
You lost 1 mp, and now have 0/3 mp.
The quokka bites you. 😕 HP[-3]
You take 3 damage, and now have 10/13 hp.
MASSIVE DAMAGE!! (PAUSE)
You hit the quokka but do no damage. The quokka barely misses you.
You barely miss the quokka. The quokka bites you. 😮 HP[-3]
You take 3 damage, and now have 7/13 hp.
MASSIVE DAMAGE!! (PAUSE)
You hit the quokka but do no damage. The quokka barely misses you.
Unknown command.
You miss the quokka.
The quokka barely misses you. 😮 HP[+1] Unknown command.
You closely miss the quokka.
The quokka bites you but does no damage.
The quokka misses you.
Unknown command.
You miss the quokka. The quokka bites you.
* * * LOW HITPOINT WARNING * * *
😨 HP[-3]
You take 3 damage, and now have 5/13 hp.
MASSIVE DAMAGE!! (PAUSE) Magic courses through your body.
The quokka closely misses you. 😨 MP[+3]
Your mp is fully restored (3).
Casting: Summon Small Mammal (safe; 4% risk of failure)
Press: ? - help, Q - select action Dir - look around, f - activate The quokka barely misses you. 😨 MP[-1]
You lost 1 mp, and now have 2/3 mp.
Unknown command.
Casting: Summon Small Mammal (safe; 4% risk of failure)
Press: ? - help, Q - select action Dir - look around, f - activate The quokka closely misses you.
Your rat bites the quokka. 😨 HP[+1] Unknown command.
You closely miss the quokka. The quokka closely misses you.
Your quokka barely misses the quokka.
The quokka bites you.
* * * LOW HITPOINT WARNING * * *
Your rat bites the quokka but does no damage. 😱 HP[-4]
You take 4 damage, and now have 2/13 hp.
MASSIVE DAMAGE!! (PAUSE)
You hit the quokka.
Your quokka barely misses the quokka.
The quokka completely misses you.
Your rat barely misses the quokka.
Unknown command.
You hit the quokka but do no damage.
Your quokka closely misses the quokka.
The quokka bites you.
You die...

Action                     || total
---------------------------++-------
  Melee: Unarmed           ||    10
         Punch             ||     1
   Cast: Summon Small Mamm ||     9
    Use: Potion            ||     1
 Armour: Robe              ||    10
  Dodge: Dodged            ||    10

Levels and vault maps discovered:
D:1:      lemuel_arrival_cross, layout_rooms, due_unseen_surprise

Notes
Turn   | Place    | Note
-------+----------+-------------------------------------------
     0 | D:1      | ytrimaz the Demonspawn Summoner began the quest for the
                  | Orb.
     0 | D:1      | Reached XP level 1. HP: 13/13 MP: 3/3
     0 | D:1      | magus.rc [v1.9.6]
    96 | D:1      | HP: 2/13 [quokka (4)]
    98 | D:1      | Slain by a quokka

Vanquished Creatures (collateral kills)
  A dart slug (D:1)
  A hobgoblin (D:1)
2 creatures vanquished.

Table legend:
 A = Non-vault XP
 B = Vault XP
 C = Vault XP percentage of total XP
 D = Non-vault monster count
 E = Vault monster count
 F = Vault count percentage of total count
                 A         B        C        D         E       F
            +---------+---------+-------+---------+---------+-------
      Total |       6 |       0 |   0.0 |       2 |       0 |   0.0
            +---------+---------+-------+---------+---------+-------
        D:1 |       6 |       0 |   0.0 |       2 |       0 |   0.0
            +---------+---------+-------+---------+---------+-------

Action                     || total
---------------------------++-------
  Melee: Unarmed           ||    10
         Punch             ||     1
   Cast: Summon Small Mamm ||     9
    Use: Potion            ||     1
 Armour: Robe              ||    10
  Dodge: Dodged            ||    10

Illustrated notes

Table legend:
 A = Kills in this place as a percentage of kills in the entire game.
 B = Kills by you in this place as a percentage of kills by you in the entire game.
 C = Kills by friends in this place as a percentage of kills by friends in the entire game.
 D = Other kills in this place as a percentage of other kills in the entire game.
 E = Experience gained in this place as a percentage of experience gained in the entire game.
 F = Experience gained in this place divided by the number of levels of this place that you have seen.
                   A       B       C       D       E      F
               +-------+-------+-------+-------+-------+----------------------
         Total | 100.0 |   N/A | 100.0 |   N/A | 100.0 |   6.0
       Dungeon | 100.0 |   N/A | 100.0 |   N/A | 100.0 |   6.0
               +-------+-------+-------+-------+-------+----------------------

Table legend: (Time is in decaauts)
 A = Elapsed time spent in this place.
 B = Non-inter-level travel time spent in this place.
 C = Inter-level travel time spent in this place.
 D = Time resting spent in this place.
 E = Time spent auto-exploring this place.
 F = Levels seen in this place.
 G = Mean time per level.
                   A        B        C        D        E       F      G
               +--------+--------+--------+--------+--------+-----+--------+
         Total |     98 |     98 |      0 |      0 |     49 |   1 |   98.0 |
       Dungeon |     98 |     98 |      0 |      0 |     49 |   1 |   98.0 |
               +--------+--------+--------+--------+--------+-----+--------+

Top non-repeatable levels by time:
     D:1: 98 daAuts
